AoeStats
← 太阳雨

Black Forest

508917839Analyzed
4v4 RM · 8d ago on Sep 24, 2026· 20m 16s· 8 players
Game mode
Random Map
Map size
Large (8 player)
Population
200
Speed
Normal
Resources
Standard
Victory
Conquest
Starting age
Dark Age
Ending age
Imperial Age
RankedLock teamsTeams togetherTeam positionsShared explorationLock speedFull tech treeHidden civsTurbo modeCheats
Victory
Defeat
🇳🇴 Turks · Norway
1209
+11
🇳🇱 Teutons · Netherlands
1206
+11
🇲🇽 Poles · Mexico
1184
+12
🇬🇧 Britons · United Kingdom
1146
+13
🇨🇳 Britons · China
1137
-13
🇨🇳 Wei · China
1134
-13
🇨🇳 Turks · China
1125
-13
🇨🇳 Poles · China
969
-8
seaguloftime
2:37 Loom
11:17 Feudal Age
16:05 Castle Age
13:48 Horse Collar
15:05 Double-Bit Axe
16:43 Gold Mining
16:49 Stone Mining
17:35 Fletching
18:10 Heavy Plow
19:22 Bow Saw
Maudje10
8:23 Loom
10:53 Feudal Age
12:00 Double-Bit Axe
12:26 Horse Collar
17:22 Castle Age
15:47 Forging
16:18 Bloodlines
16:46 Scale Barding Armor
17:35 Gold Mining
19:16 Bow Saw
20:21 Iron Casting
[GDL] Soy Un RUFIAN
10:38 Feudal Age
15:04 Castle Age
14:16 Double-Bit Axe
14:48 Horse Collar
20:50 Heavy Plow
Nutty
0:41 Loom
12:19 Feudal Age
16:52 Castle Age
15:25 Double-Bit Axe
16:32 Horse Collar
17:36 Gold Mining
1802390869
1:09 Loom
13:31 Feudal Age
19:50 Castle Age
18:08 Double-Bit Axe
18:16 Horse Collar
从良
10:52 Feudal Age
16:44 Castle Age
14:47 Horse Collar
16:08 Double-Bit Axe
18:32 Bow Saw
18:23 Heavy Plow
太阳雨
13:05 Feudal Age
14:24 Wheelbarrow
13:30 Horse Collar
13:37 Double-Bit Axe
18:10 Scale Barding Armor
18:17 Forging
19:25 Gold Mining
仌
10:56 Feudal Age
13:23 Horse Collar
15:07 Double-Bit Axe
16:56 Loom
19:11 Castle Age
18:19 Stone Mining
18:21 Gold Mining
20:51 Forging
20:46 Scale Barding Armor
20:52 Forging
Connection lost

Rejoining the realm…

Still unreachable

The connection could not be restored.

Session expired

The server has moved on; the page needs a fresh start.